 Dungeon Crawl Stone Soup version 0.31.0-32-g396128a36d (webtiles) character file.

Game seed: 13605457476275252205

300 Ijustatesigmund the Conjurer (level 6, -1/42 HPs)
             Began as an Octopode Conjurer on Mar 20, 2024.
             Slain by a quasit (2 damage)
             ... on level 3 of the Dungeon.
             The game lasted 00:05:34 (3713 turns).

Ijustatesigmund the Conjurer (Octopode Conjurer)    Turns: 3713, Time: 00:05:35

Health: -1/42      AC:  1    Str: 12      XL:     6   Next: 36%
Magic:  2/11       EV: 12    Int: 23      God:
Gold:   126        SH:  0    Dex:  1 (10) Spells: 5/12 levels left

rFire   . . .        n - +3 quarterstaff (chaos)
rCold   . . .        (shield currently unavailable)
rNeg    . . .        (helmet restricted)
rPois   .            (no amulet)
rElec   .            o - +6 ring of strength
rCorr   .            (no ring)
SInv    .            (no ring)
Will    .....        (no ring)
Stlth   ++           (no ring)
HPRegen 0.27/turn    (no ring)
MPRegen 0.12/turn    (no ring)
                     (no ring)

%: no passive effects
@: mighty, very slightly contaminated
A: almost no armour, amphibious, 8 rings, camouflage 1, gelatinous body 1,
(nimble swimmer 1), tentacles
a: no special abilities


You were on level 3 of the Dungeon.
You visited 1 branch of the dungeon, and saw 4 of its levels.

You collected 126 gold pieces.

Inventory:

Hand Weapons
 b - a +0 spear
 n - a +3 quarterstaff of chaos (weapon)
Jewellery
 o - a +6 ring of strength (left tentacle)
Scrolls
 c - 2 scrolls of noise {unknown}
 d - a scroll of revelation {unknown}
 e - a scroll of brand weapon {unknown}
 f - 2 scrolls of immolation {unknown}
 g - a scroll of fear {unknown}
 h - 2 scrolls of teleportation {unknown}
 m - a scroll of fog {unknown}
 q - 5 scrolls of identify {unknown}
 r - a scroll of amnesia {unknown}
Potions
 a - a potion of magic
 i - a potion of curing
 j - a potion of enlightenment {unknown}
 k - a potion of attraction
 l - a potion of lignification
 p - a potion of heal wounds {unknown}
 s - a potion of haste {unknown}


   Skills:
 + Level 3.3 Fighting
 - Level 2.0 Dodging
 - Level 2.6 Stealth
 + Level 3.7 Spellcasting
 - Level 4.7 Conjurations
 + Level 2.2 Translocations


You had 5 spell levels left.
You knew the following spells:

 Your Spells              Type           Power      Damage    Failure   Level
a - Magic Dart            Conj           100%       1d8       1%          1
b - Searing Ray           Conj           52%        2d6       2%          2
c - Iskenderun's Mystic   Conj/Tloc      20%        2d6       26%         4

Your spell library contained the following spells:

 Spells                   Type           Power      Damage    Failure   Level
 Fugue of the Fallen      Necr           4%         N/A       32%         3
 Ozocubu's Armour         Ice            4%         N/A       32%         3
 Tukima's Dance           Hex            4%         N/A       32%         3
 Fulminant Prism          Conj/Alch      7%         3d7       38%         4
 Manifold Assault         Tloc           14%        N/A       41%         4
 Dimensional Bullseye     Hex/Tloc       4%         N/A       56%         4


Dungeon Overview and Level Annotations

Branches:
Dungeon (4/15)
 Temple: D:4-7

Altars:
Ashenzari
Gozag
Makhleb
Qazlal
Wu Jian

Shops:
D:1 [


Innate Abilities, Weirdness & Mutations

You cannot wear most types of armour.
You are amphibious.
You can wear up to eight rings at the same time.
Your skin changes colour to match your surroundings (Stealth+).
Your rubbery body absorbs attacks. (AC +1, EV +1)
((You are camouflaged when in or above water. (Stealth+)))
You have tentacles for arms and can constrict up to eight enemies at once.


Message History

The quasit completely misses you. The quasit closely misses you. x2
The quasit barely misses you. The quasit claws you.
* * * LOW HITPOINT WARNING * * *
The quasit claws you.
* * * LOW HITPOINT WARNING * * *
You feel clumsy.
You climb upwards.
There is a stone staircase leading down here.
Casting: Searing Ray (safe; 2% risk of failure)
Confirm with . or Enter, or press ? or * to list all spells.
You miscast Iskenderun's Mystic Blast.
You are very lightly contaminated with residual magic.
Nothing appears to happen.
The quasit bites you.
* * * LOW HITPOINT WARNING * * *
The quasit closely misses you. x2; The quasit bites you.
* * * LOW HITPOINT WARNING * * *
The quasit completely misses you. The quasit closely misses you.
Casting: Iskenderun's Mystic Blast (quite dangerous; 26% risk of failure)
Confirm with . or Enter, or press ? or * to list all spells.
You don't have enough magic to cast this spell.
There are monsters nearby!
It was a potion of might.
You feel very mighty all of a sudden.
The quasit barely misses you. x3; The quasit bites you.
* * * LOW HITPOINT WARNING * * *
The quasit closely misses you.
The quasit claws you but does no damage.
You closely miss the quasit. Your grab misses the quasit.
The quasit barely misses you. x2; The quasit closely misses you.
The quasit bites you.
* * * LOW HITPOINT WARNING * * *
You feel clumsy.
The quasit claws you but does no damage.
The quasit claws you.
* * * LOW HITPOINT WARNING * * *
The quasit bites you.
* * * LOW HITPOINT WARNING * * *
The quasit claws you but does no damage.
The quasit claws you.
You die...

#.....# #.....#
#.....# #.....#######
#..)........#
##...........# ####
##............# #..#
#..5..........#
#..#####..@...##.#####
#..##....5#..###.#
##### #.<...#..##..#
#.#
....####.#.....#...#
#.#
###.##.........#...#
#.#
.............###...#
#.#
.##.###..##.#......#
#.#
.##......##...###..#
#)#
.#.#.#.#......###..#
#.#


You could see 2 quasits.

Vanquished Creatures
  Crazy Yiuf (D:2)
  A quasit (D:4)
  A hound (D:2)
  An orc priest (D:3)
  Jessica (D:3)
  An orc wizard (D:3)
  Terence (D:2)
  3 gnolls (D:2)
  2 dart slugs
  3 orcs (D:3)
  3 ball pythons
  A bat (D:1)
  9 endoplasms
  9 goblins
  3 hobgoblins
  4 jackals (D:1)
  7 frilled lizards
  2 giant cockroaches
  10 kobolds
  3 rats (D:1)
66 creatures vanquished.

Notes
Turn   | Place    | Note
-------+----------+-------------------------------------------
     0 | D:1      | Ijustatesigmund the Octopode Conjurer began the quest for
                  | the Orb.
     0 | D:1      | Reached XP level 1. HP: 11/11 MP: 3/3
   210 | D:1      | Reached XP level 2. HP: 16/18 MP: 3/5
   216 | D:1      | Learned a level 2 spell: Searing Ray
   491 | D:1      | Reached skill level 1 in Fighting
   604 | D:1      | Found Agumey's Antique Armour Shop.
   881 | D:1      | Reached XP level 3. HP: 23/23 MP: 2/6
  1562 | D:2      | Found a runed translucent door.
  1563 | D:2      | Noticed Crazy Yiuf
  1570 | D:2      | Killed Crazy Yiuf
  1571 | D:2      | Reached XP level 4. HP: 29/29 MP: 1/8
  1841 | D:2      | Learned a level 4 spell: Iskenderun's Mystic Blast
  2216 | D:2      | Noticed Terence
  2227 | D:2      | Killed Terence
  2228 | D:2      | Reached XP level 5. HP: 11/35 MP: 4/9
  2765 | D:3      | Noticed Jessica
  2782 | D:2      | Reached skill level 1 in Translocations
  3070 | D:3      | Killed Jessica
  3272 | D:3      | Found an opulent altar of Gozag.
  3272 | D:3      | Found a stormy altar of Qazlal.
  3280 | D:3      | Found a broken altar of Ashenzari.
  3282 | D:3      | Found an ornate altar of the Wu Jian Council.
  3284 | D:3      | Found a burning altar of Makhleb.
  3386 | D:3      | Reached XP level 6. HP: 39/42 MP: 2/11
  3713 | D:3      | HP: 1/42 [quasit (2)]
  3713 | D:3      | Slain by a quasit

Illustrated notes

Levels and vault maps discovered:
D:1:      psy_arrival_fountain, layout_rooms, serial_shops, shop,
          lexackson_kobold_supper
D:2:      layout_basic, serial_park_tiny_pond, uniq_terence,
          uniq_crazy_yiuf_cottage
D:3:      layout_rooms, chequers_temple_overflow_minitemple, st_stairs_4,
          uniq_jessica
D:4:      layout_rooms, overflow_temple_1_default, temple_statues,
          serial_demonic, serial_demonic_b, serial_demonic_d, serial_demonic_b,
          serial_demonic_f, serial_demonic_g, serial_demonic_d,
          serial_demonic_g, serial_demonic_b, uniq_duvessa

Skill      XL: |  1  2  3  4  5  6 |
---------------+-------------------+-----
Fighting       | 1 2 3 |  3.3
Spellcasting   | 3 |  3.7
Translocations | 1 2 |  2.2
Dodging        | |  2.0
Stealth        | |  2.6
Conjurations   | |  4.7

Action                     |  1- 3 |  4- 6 || total
---------------------------+-------+-------++-------
  Melee: Unarmed           |    11 |       ||    11
         Constrict         |    10 |     7 ||    17
         Spear             |   151 |       ||   151
         Punch             |     2 |       ||     2
         Tentacles         |    48 |     6 ||    54
         Quarterstaff      |       |    49 ||    49
   Cast: Magic Dart        |    51 |    31 ||    82
         Searing Ray       |     1 |     3 ||     4
         Iskenderun's Myst |       |     1 ||     1
    Use: Potion            |       |     4 ||     4
   Stab: Sleeping          |       |     3 ||     3
 Armour: Skin              |    19 |   120 ||   139
  Dodge: Dodged            |    23 |    52 ||    75
